 Dungeon Crawl Stone Soup version 0.29.1-13-g9f3cf754e1 (webtiles) character file.

Game seed: 16751968467419413637

131 DemonSlayer the Digger (level 4, 0/30 HPs)
             Began as a Demonspawn Earth Elementalist on Feb 2, 2023.
             Slain by Grinder (10 damage)
             ... on level 3 of the Dungeon.
             The game lasted 00:04:51 (3160 turns).

DemonSlayer the Digger (DsEE)                       Turns: 3160, Time: 00:04:52

Health: 0/30       AC:  3    Str: 10    XL:     4   Next: 91%
Magic:  1/9        EV: 17    Int: 17    God:
Gold:   170        SH:  0    Dex: 13    Spells: 2/9 levels left

rFire   . . .      SeeInvis .   b - +0 whip
rCold   . . .      Faith    .   (no shield)
rNeg    . . .      Spirit   .   a - +0 robe
rPois   .          Reflect  .   (helmet restricted)
rElec   .          Harm     .   (no cloak)
rCorr   .          Rampage  .   l - +0 pair of gloves
Will    .....                   (no boots)
Stlth   ++........              (no amulet)
HPRegen 0.10/turn               (no ring)
MPRegen 0.11/turn               (no ring)

@: agile
A: horns 1, demonic guardian 1, powered by pain 1
a: no special abilities


You were on level 3 of the Dungeon.
You visited 1 branch of the dungeon, and saw 3 of its levels.

You collected 170 gold pieces.

Inventory:

Hand Weapons
 b - a +0 whip (weapon)
Armour
 a - a +0 robe (worn)
 l - a +0 pair of gloves (worn)
Scrolls
 d - a scroll of identify {unknown}
 g - a scroll of amnesia {unknown}
 k - a scroll of teleportation {unknown}
 m - a scroll of poison {unknown}
 o - a scroll of vulnerability {unknown}
 p - a scroll of enchant armour {unknown}
 q - a scroll of silence {unknown}
Potions
 c - 4 potions of curing
 e - a potion of haste {unknown}
 f - 2 potions of flight {unknown}
 h - a potion of ambrosia {unknown}
 i - a potion of degeneration {unknown}
 j - a potion of resistance {unknown}
 n - a potion of heal wounds {unknown}
 r - 2 potions of attraction {unknown}


   Skills:
 + Level 0.2 Fighting
 + Level 0.3 Maces & Flails
 + Level 1.8 Dodging
 + Level 2.0 Stealth
 + Level 3.3 Spellcasting
 + Level 0.8 Transmutations
 + Level 4.1 Earth Magic


You had 2 spell levels left.
You knew the following spells:

 Your Spells              Type           Power      Damage    Failure   Level
a - Sandblast             Erth           32%        2d9       3%          1
b - Stone Arrow           Conj/Erth      18%        3d8       22%         3
c - Summon Guardian Gole  Hex/Summ       2%         N/A       45%         3

Your spell library contained the following spells:

 Spells                   Type           Power      Damage    Failure   Level
 Passwall                 Tmut/Erth      9%         N/A       9%          2
 Slow                     Hex            8%         N/A       17%         1
 Summon Small Mammal      Summ           8%         N/A       17%         1
 Call Canine Familiar     Summ           2%         N/A       45%         3
 Confusing Touch          Hex            2%         N/A       45%         3
 Vampiric Draining        Necr           2%         2d6       45%         3
 Petrify                  Tmut/Erth      11%        N/A       52%         4


Dungeon Overview and Level Annotations

Branches:
Dungeon (3/15)

Altars:
Dithmenos

Shops:
D:1 :

Annotations:
D:3 Grinder


Innate Abilities, Weirdness & Mutations

You have a pair of small horns on your head.
A weak demonic guardian rushes to your aid.
You sometimes gain a little power by taking damage.


Message History

Press: ? - help, Shift-Dir - straight line, f/p - Grinder
Aim: Grinder (severely wounded, 80% to hit)
You miscast Sandblast.
You are very lightly contaminated with residual magic.
Nothing appears to happen.
Grinder hits you!
* * * LOW HITPOINT WARNING * * *
A demonic guardian appears!
Casting: Sandblast (safe; 3% risk of failure)
Confirm with . or Enter, or press ? or * to list all spells.
Aiming: Sandblast (safe; 3% risk of failure)
Press: ? - help, Shift-Dir - straight line, f/p - Grinder
Aim: Grinder (severely wounded, ally target, 80% to hit)
The blast of sand hits Grinder.
Grinder is severely wounded.
Grinder closely misses you.
Your iron imp hits Grinder but does no damage.
Casting: Sandblast (safe; 3% risk of failure)
Confirm with . or Enter, or press ? or * to list all spells.
Aiming: Sandblast (safe; 3% risk of failure)
Press: ? - help, Shift-Dir - straight line, f/p - Grinder
Aim: Grinder (severely wounded, not watching you, ally target, 80% to hit)
The blast of sand misses Grinder.
Grinder blinks!
Grinder gestures at your iron imp.
Your iron imp struggles to resist.
It was a potion of curing.
You feel better.
Your iron imp closely misses Grinder.
Casting: Sandblast (safe; 3% risk of failure)
Confirm with . or Enter, or press ? or * to list all spells.
Aiming: Sandblast (safe; 3% risk of failure)
Press: ? - help, Shift-Dir - straight line, f/p - Grinder
Aim: Grinder (severely wounded, not watching you, ally target, 80% to hit)
The blast of sand hits Grinder but does no damage.
Grinder is severely wounded.
Your iron imp hits Grinder.
You feel better. Grinder hits you!
Your iron imp barely misses Grinder.
Your magical contamination has completely faded away.
You hit Grinder but do no damage. You headbutt Grinder.
Grinder is almost dead.
Grinder hits you!
You die...

..............
.......$...... ...#
............# #..##
............# #...+
..#####.....# .⌠.# #
..#####.###.# ...####.#
...5......#.#####...P....
.....####.#..#).#........
..##.# #....#..@55#
..##.# ###..##+#..+
..##.# #.P# #..# ..##.#
#.P# #..####.. ####.#
#..####...PP... #.#
#..............
####..#####.... #.## ###.
#.#


You could see Grinder (ally target) and a friendly iron imp (summoned).

Vanquished Creatures
  5 adders
  5 dart slugs
  2 orcs (D:3)
  4 endoplasms
  A giant cockroach (D:2)
  4 goblins
  6 hobgoblins
  2 quokkas
  6 ball pythons
  8 bats
  8 frilled lizards
  7 kobolds
  22 rats
80 creatures vanquished.

Notes
Turn   | Place    | Note
-------+----------+-------------------------------------------
     0 | D:1      | DemonSlayer the Demonspawn Earth Elementalist began the
                  | quest for the Orb.
     0 | D:1      | Reached XP level 1. HP: 13/13 MP: 3/3
   134 | D:1      | Found Sadox's Vocational Training.
   182 | D:1      | Reached skill level 3 in Earth Magic
   182 | D:1      | Gained mutation: You have a pair of small horns on your
                  | head. [demonic ancestry]
   182 | D:1      | Reached XP level 2. HP: 9/19 MP: 0/5
  1326 | D:2      | Gained mutation: You sometimes gain a little power by
                  | taking damage. [demonic ancestry]
  1326 | D:2      | Reached XP level 3. HP: 24/24 MP: 3/6
  1384 | D:2      | You fall into a shaft and drop 1 floor!
  1386 | D:3      | Noticed Grinder
  1949 | D:3      | Gained mutation: A weak demonic guardian rushes to your
                  | aid. [demonic ancestry]
  1949 | D:3      | Reached XP level 4. HP: 27/30 MP: 5/8
  2014 | D:3      | Found a shadowy altar of Dithmenos.
  2550 | D:2      | Reached skill level 4 in Earth Magic
  3094 | D:3      | Learned a level 3 spell: Stone Arrow
  3098 | D:3      | Learned a level 3 spell: Summon Guardian Golem
  3160 | D:3      | Slain by Grinder

Illustrated notes

Levels and vault maps discovered:
D:1:      dpeg_arrival_round_b, layout_loops_ring, minivault_24,
          nicolae_shop_vocational
D:2:      wad_river_or_something, layout_rooms
D:3:      corexii_shack_village, layout_basic,
          mainiacjoe_overflow_small_starburst, minmay_rat_hole, uniq_grinder

Skill      XL: |  1  2  3  4 |
---------------+-------------+-----
Earth Magic    | 3 4 |  4.1
Stealth        | 2 |  2.0
Spellcasting   | 3 |  3.3
Fighting       | |  0.2
Maces & Flails | |  0.3
Dodging        | |  1.8
Transmutations | |  0.8

Action                   |  1- 3 |  4- 6 || total
-------------------------+-------+-------++-------
Melee: Unarmed           |     1 |       ||     1
       Whip              |    32 |    11 ||    43
       Headbutt          |     4 |     3 ||     7
 Cast: Sandblast         |    62 |    45 ||   107
  Use: Potion            |     1 |     2 ||     3
 Stab: Sleeping          |     1 |       ||     1
Armor: Robe              |     8 |    11 ||    19
Dodge: Dodged            |    40 |    21 ||    61
